 Dungeon Crawl Stone Soup version 0.25-a0-634-gd1561dc703 (webtiles) character file.

Game seed: 1904707458226098735, levelgen mode: deterministic

13 MrSirius the Skirmisher (level 2, -6/19 HPs)
             Began as a Gargoyle Fighter on Mar 20, 2020.
             Killed from afar by Sigmund (9 damage)
             ... with a magic dart
             ... on level 2 of the Dungeon.
             The game lasted 00:05:06 (444 turns).

MrSirius the Skirmisher (Gargoyle Fighter)           Turns: 444, Time: 00:05:07

Health: -6/19      AC:  9    Str: 19    XL:     2   Next: 37%
Magic:  2/2        EV:  7    Int:  8    God:
Gold:   69         SH:  9    Dex:  9    Spells: 1/1 levels left

rFire    . . .     SeeInvis .   a - +0 flail
rCold    . . .     Gourm    .   c - +0 kite shield
rNeg     + . .     Faith    .   b - +0 scale mail
rPois    ∞         Spirit   .   (no helmet)
rElec    +         Reflect  .   (no cloak)
rCorr    .         Harm     .   (no gloves)
MR       .....                  (no boots)
Stlth    ..........             (no amulet)
HPRegen  0.06/turn              (no ring)
MPRegen  0.08/turn              (no ring)

@: no status effects
A: negative energy resistance 1, electricity resistance, unbreathing,
petrification resistance, rot immunity, AC +2
a: no special abilities


You were on level 2 of the Dungeon.
You were not hungry.

You visited 1 branch of the dungeon, and saw 2 of its levels.

You collected 69 gold pieces.

Inventory:

Hand Weapons
 a - a +0 flail (weapon)
Missiles
 l - a throwing net (quivered)
Armour
 b - a +0 scale mail (worn)
 c - a +0 kite shield (worn)
Scrolls
 i - a scroll of blinking {unknown}
 m - a scroll of identify {unknown}
Potions
 d - a potion of might
 e - a potion of lignification {unknown}
 g - a potion of curing {unknown}
 h - a potion of mutation {unknown}
Comestibles
 f - a ration


   Skills:
 + Level 3.6 Fighting
 + Level 2.0 Maces & Flails
 + Level 3.4 Armour
 - Level 0.2 Dodging
 + Level 3.5 Shields


You had one spell level left.
You didn't know any spells.
Your spell library was empty.

Dungeon Overview and Level Annotations

Branches:
Dungeon (2/15)

Altars:

Annotations:
D:2 Sigmund


Innate Abilities, Weirdness & Mutations

You are resistant to torment.
Your stone body is resilient. (AC +2)
You are immune to poison.
You resist negative energy. (rN+)
You are resistant to electric shocks. (rElec)
You can survive without breathing.
You are immune to petrification.
You are immune to rotting.


Message History

You hit Sigmund.
Sigmund is lightly wounded.
Sigmund gestures at you while chanting.
You are confused.
You hit Sigmund.
Sigmund is moderately wounded.
Sigmund casts a spell at you.
The magic dart hits you but does no damage.
Your shield and scale mail prevent you from hitting Sigmund.
Sigmund is moderately wounded.
Sigmund hits you with a +0 scythe.
* * * LOW HITPOINT WARNING * * *
You're too confused to move!
Sigmund closely misses you.
You barely miss Sigmund.
Sigmund is moderately wounded.
Sigmund barely misses you.
You feel less confused. Sigmund casts a spell at you. The magic dart hits you!
You die...

#.# #..# ###....
####.....)#
######.....!...#
#..............#
#....@.@?......#
#......<.......#
#.........####..
###########


You could see Sigmund.

Vanquished Creatures
  A bat (D:1)
  4 jackals (D:1)
  A kobold (D:1)
  A frilled lizard (D:1)
  A goblin (D:1)
  5 rats (D:1)
13 creatures vanquished.

Notes
Turn   | Place    | Note
-------+----------+-------------------------------------------
     0 | D:1      | MrSirius the Gargoyle Fighter began the quest for the Orb.
     0 | D:1      | Reached XP level 1. HP: 14/14 MP: 1/1
   166 | D:1      | Reached XP level 2. HP: 13/19 MP: 2/2
   427 | D:2      | Noticed Sigmund
   444 | D:2      | Killed from afar by Sigmund

Levels and vault maps discovered:
D:1:      heliophobic_arrival_enchanted_forest, layout_basic
D:2:      mumra_celtic_spiral_tile, layout_rooms, grunt_qazlal_clouds,
          uniq_jessica, uniq_sigmund, uniq_robin

Action                   || total
-------------------------++-------
Melee: Flail             ||    48
Armor: Scale mail        ||    55
Dodge: Dodged            ||    28
Block: Kite shield       ||    56

Table legend:
 A = Non-vault XP
 B = Vault XP
 C = Vault XP percentage of total XP
 D = Non-vault monster count
 E = Vault monster count
 F = Vault count percentage of total count
                 A         B        C        D         E       F
            +---------+---------+-------+---------+---------+-------
      Total |      19 |       0 |   0.0 |      13 |       0 |   0.0
            +---------+---------+-------+---------+---------+-------
        D:1 |      19 |       0 |   0.0 |      13 |       0 |   0.0
            +---------+---------+-------+---------+---------+-------
